 Dungeon Crawl Stone Soup version 0.29-a0-418-gc0181ea (webtiles) character file.

Game seed: 8479534230941343853

352 Toastz the Cutter (level 6, -4/33 HPs)
             Began as a Spriggan Warper on May 17, 2022.
             Splashed by a jelly's acid (10 damage)
             ... on level 4 of the Dungeon.
             The game lasted 00:10:03 (5055 turns).

Toastz the Cutter (Spriggan Warper)                 Turns: 5055, Time: 00:10:03

Health: -4/33      AC:  1    Str:  7    XL:     6   Next: 34%
Magic:  11/11      EV: 18    Int: 15    God:
Gold:   192        SH:  5    Dex: 16    Spells: 2/10 levels left

rFire   . . .      SeeInvis +   q - +2 dagger (protect)
rCold   . . .      Faith    .   (no shield)
rNeg    . . .      Spirit   .   l - +0 robe
rPois   +          Reflect  +   (helmet restricted)
rElec   .          Harm     .   (no cloak)
rCorr   .          Rampage  .   (gloves unavailable)
Will    +....                   (boots unavailable)
Stlth   +++.......              A - amulet of reflection
HPRegen 0.11/turn               j - ring of wizardry
MPRegen 0.12/turn               z - ring of poison resistance

@: corroded, under a protective aura, very quick
A: very small, no large weapons, unfitting armour, see invisible, speed 3
a: no special abilities


You were on level 4 of the Dungeon.
You visited 1 branch of the dungeon, and saw 4 of its levels.

You collected 192 gold pieces.

Inventory:

Hand Weapons
 a - a +0 dagger of venom
 b - a +0 hunting sling
 n - a +0 short sword
 q - a +2 dagger of protection (weapon)
Missiles
 d - 6 boomerangs of dispersal
 g - 39 stones
 y - 7 poisoned darts (quivered)
Armour
 l - a +0 robe (worn)
Jewellery
 j - a ring of wizardry (left hand)
 z - a ring of poison resistance (right hand)
 A - an amulet of reflection (around neck)
Wands
 t - a wand of polymorph (5)
Scrolls
 c - a scroll of blinking
 e - 2 scrolls of enchant armour
 i - 2 scrolls of immolation
 o - 3 scrolls of teleportation
 p - a scroll of poison {unknown}
 u - a scroll of enchant weapon {unknown}
Potions
 f - a potion of might {unknown}
 h - a potion of mutation {unknown}
 k - a potion of attraction {unknown}
 m - 2 potions of flight
 s - a potion of resistance {unknown}
 v - a potion of lignification {unknown}
 w - a potion of ambrosia {unknown}
 x - a potion of degeneration {unknown}


   Skills:
 + Level 3.6 Fighting
 + Level 5.1 Short Blades
 - Level 1.0 Throwing
 - Level 3.2 Dodging
 - Level 4.0 Stealth
 - Level 2.6 Spellcasting
 - Level 4.4 Translocations


You had 2 spell levels left.
You knew the following spells:

 Your Spells              Type           Power      Damage    Failure   Level
a - Blink                 Tloc           30%        N/A       2%          2
b - Gell's Gravitas       Tloc           15%        N/A       4%          3
c - Teleport Other        Tloc           15%        N/A       4%          3

Your spell library contained the following spells:

 Spells                   Type           Power      Damage    Failure   Level
 Apportation              Tloc           30%        N/A       1%          1
 Lesser Beckoning         Tloc           15%        N/A       4%          3
 Manifold Assault         Tloc           15%        N/A       34%         5


Dungeon Overview and Level Annotations

Branches:
Dungeon (4/15)
 Temple: D:4-7

Altars:
Kikubaaqudgha
Sif Muna
Vehumet
Wu Jian


Innate Abilities, Weirdness & Mutations

You are very small and have problems with some larger weapons.
You are too small for most types of armour.
You have supernaturally acute eyesight. (SInv)
You cover ground extremely quickly. (Speed+++)


Message History

g - 39 stones (gained 2)
You see here a +0 short sword.
Found a ring mail.
A jelly comes into view.
The jelly quivers.
An orc priest comes into view. It is wielding a +0 hand axe.
The jelly hits you. The acid corrodes you!
You are splashed with acid.
You barely miss the jelly. You block the jelly's attack.
You hit the jelly.
Your hands burn!
The jelly is lightly wounded.
You hit the jelly but do no damage.
Your hands burn!
The jelly is lightly wounded.
You are no longer corroded.
You start resting.
HP restored.
Your +0 dagger of venom stops dripping with poison.
Your +2 dagger of protection hums with potential!
q - a +2 dagger of protection (weapon)
You block the jelly's attack.
You hit the jelly but do no damage.
Your weapon exudes an aura of protection.
Your hands burn!
The jelly hits you. The acid corrodes you!
You are splashed with acid!
You hit the jelly but do no damage.
Your hands burn!
You hit the jelly. The acid corrodes you!
Your hands burn!
The jelly is moderately wounded.
The jelly misses you.
You hit the jelly but do no damage.
Your hands burn!
The jelly is moderately wounded.
The jelly misses you.
You hit the jelly.
Your hands burn!
The jelly is heavily wounded.
You block the jelly's attack.
You hit the jelly.
Your hands burn!
* * * LOW HITPOINT WARNING * * *
The jelly is severely wounded.
The jelly hits you.
* * * LOW HITPOINT WARNING * * *
You are splashed with acid!
You die...

..#.#.#..#.....######.......##.#.
...................##.......##...
#.#.###.##.....###.########.##.#.
#.#.))##.....# #.###.. #
#..........# ####... #
#..##.#########o## ###....♣
#[#..##.# #......# #......[
#.#.....#####J### .## #.<...## #
#.#.........#.@.#... #...###
#.#...#######.#.#.#.# #####
#.....## ...#...# ...#...#
#######.### ...#...# #.......#
...#.#.# #.#######
.......####.#### ...#.#....#....#
...#.####.####.#


You could see a jelly.

Vanquished Creatures
  A howler monkey (D:4)
  2 hounds
  2 iguanas (D:3)
  Terence (D:2)
  8 adders
  An ufetubus (D:4)
  4 worms
  A dart slug (D:1)
  7 orcs
  7 bats
  9 endoplasms
  2 giant cockroaches
  7 goblins
  7 hobgoblins
  6 kobolds
  5 quokkas
  6 ball pythons
  4 frilled lizards
  2 rats
82 creatures vanquished.

Notes
Turn   | Place    | Note
-------+----------+-------------------------------------------
     0 | D:1      | Toastz the Spriggan Warper began the quest for the Orb.
     0 | D:1      | Reached XP level 1. HP: 10/10 MP: 5/5
   174 | D:1      | Reached XP level 2. HP: 14/15 MP: 6/6
   181 | D:1      | Learned a level 2 spell: Blink
   372 | D:1      | Reached skill level 3 in Short Blades
   378 | D:1      | Reached skill level 1 in Stealth
  1116 | D:2      | Reached XP level 3. HP: 11/18 MP: 8/8
  1243 | D:2      | Learned a level 3 spell: Gell's Gravitas
  1678 | D:2      | Noticed Terence
  1705 | D:2      | Reached XP level 4. HP: 22/23 MP: 9/9
  2031 | D:2      | Killed Terence
  2504 | D:2      | You fall into a shaft and drop 1 floor!
  2915 | D:3      | Reached skill level 4 in Short Blades
  3036 | D:3      | Reached XP level 5. HP: 27/27 MP: 10/10
  3115 | D:3      | Learned a level 3 spell: Teleport Other
  3570 | D:3      | Found a shimmering blue altar of Sif Muna.
  3570 | D:3      | Found an ancient bone altar of Kikubaaqudgha.
  3572 | D:3      | Found a radiant altar of Vehumet.
  3577 | D:3      | Got Sif Muna's Collected Works on Displacement
  3874 | D:3      | Found an ornate altar of the Wu Jian Council.
  4139 | D:3      | Reached XP level 6. HP: 16/32 MP: 11/11
  4520 | D:3      | Reached skill level 5 in Short Blades
  5055 | D:4      | Splashed by a jelly's acid

Illustrated notes

Levels and vault maps discovered:
D:1:      psy_arrival_dodecagon, layout_basic, minmay_misc_feat_encased,
          minivault_27
D:2:      layout_loops_ring, uniq_terence
D:3:      layout_loops_corners, grunt_temple_overflow_magic_moments,
          nzn_wu_jian_council_hall
D:4:      layout_basic, nicolae_tso_besieged_by_evil, serial_shops,
          kennysheep_mini, grunt_ministairs_12, uniq_blork_the_orc, uniq_pikel

Skill      XL: |  1  2  3  4  5  6 |
---------------+-------------------+-----
Short Blades   | 3 4 5 |  5.1
Stealth        | 1 2 3 4 |  4.0
Fighting       | 2 3 |  3.6
Throwing       | |  1.0
Dodging        | |  3.2
Spellcasting   | |  2.6
Translocations | |  4.4

Action                   |  1- 3 |  4- 6 || total
-------------------------+-------+-------++-------
Melee: Short sword       |    50 |       ||    50
       Punch             |     2 |       ||     2
       Dagger            |    71 |   164 ||   235
 Fire: Hunting sling     |       |     2 ||     2
Throw: Stone             |     4 |     2 ||     6
       Boomerang         |     1 |       ||     1
       Dart              |       |     6 ||     6
 Cast: Gell's Gravitas   |       |     5 ||     5
       Blink             |       |     1 ||     1
  Use: Scroll            |       |     4 ||     4
 Stab: Sleeping          |     8 |    12 ||    20
       Distracted        |     1 |       ||     1
Armor: Robe              |    15 |     7 ||    22
Dodge: Dodged            |    65 |    82 ||   147
Block: Other             |       |    24 ||    24

Table legend: (Time is in decaauts)
 A = Elapsed time spent in this place.
 B = Non-inter-level travel time spent in this place.
 C = Inter-level travel time spent in this place.
 D = Time resting spent in this place.
 E = Time spent auto-exploring this place.
 F = Levels seen in this place.
 G = Mean time per level.
                   A        B        C        D        E       F      G
               +--------+--------+--------+--------+--------+-----+--------+
         Total |   3937 |   3900 |     37 |   1184 |   2097 |   4 |  984.2 |
       Dungeon |   3937 |   3900 |     37 |   1184 |   2097 |   4 |  984.2 |
               +--------+--------+--------+--------+--------+-----+--------+

Top non-repeatable levels by time:
     D:3: 1502 daAuts
     D:2: 1179 daAuts
     D:1: 955 daAuts
     D:4: 299 daAuts
